Map: Void Thrashing

Players

ViS

  • Race: Zerg Zerg

AznHopeful

  • Race: Zerg Zerg
  • Spawn Location: 6:00

VOD

Have the link to the VOD?

Description

Time

  • Played on: Jan. 3, 2018, 5:54 p.m.
  • Length: 11:21
Show
View Real Time Build Order
Export as new Build Order

ViS Zerg 

Build Orders:  

Get SALT Encoding   

  18  0:03  Primal Drone  
  19  0:11  Primal Drone  
  19  0:18  Primal Drone  
  21  0:28  Extractor  
  21  0:51  Primal Warden  
  21  0:57  Primal Drone  
  23  1:02  Primal Drone  
  24  1:11  Extractor  
  24  1:19  Primal Drone  
  25  1:40  Primal Drone  
  26  1:54  Primal Drone  
  26  1:56  Glevig's Den  
  26  2:17  Primal Drone x2  
  26  2:18  Primal Drone  
  29  2:35  Primal Drone  
  30  2:59  Primal Drone x2  
  32  3:15  Primal Drone  
  33  3:24  Primal Warden  
  33  3:50  Primal Drone x2  
  33  3:55  Primal Hydralisk x4  
  33  3:58  Murvar's Den  
  42  4:29  Primal Drone x2  
  44  4:30  Impaler  
  44  4:31  Impaler  
  42  5:02  Primal Drone x2  
  42  5:05  Tenderize  
  42  5:07  Primal Hydralisk x2  
  42  5:08  Primal Hydralisk x2  
  52  5:14  Primal Drone  
  53  5:35  Impaler  
  53  5:36  Impaler  
  51  6:13  Impaler x2  
  51  6:14  Primal Hydralisk x3  
  51  6:15  Primal Hydralisk  
  60  7:23  Primal Wurm, Primal Hydralisk x2  
  60  7:24  Impaler x2  
  60  7:26  Dakrun's Den  
  60  7:29  Primal Wurm x2  
  63  7:37  Impaler x2  
  63  7:42  Impaler  
  63  7:43  Impaler  
  63  7:54  Impaler  
  63  7:58  Primal Hydralisk x2  
  66  8:16  Primal Hydralisk x2  
  70  8:26  Impaler x2  
  70  8:27  Impaler x4  
  70  9:27  Impaler x7  
  70  9:31  Primal Hydralisk x2  
  70  9:32  Primal Hydralisk x2  
  70  9:34  Impaler x2  
  76  10:09  Impaler x9  
  76  10:55  Impaler x2  
Show
View Real Time Build Order
Export as new Build Order

AznHopeful Zerg 

Build Orders:  

Get SALT Encoding   

  11  0:51  Overlord  
  11  0:52  Overlord x2  
  11  0:54  Overlord  
  11  1:34  Roach Warren  
  11  1:39  Overlord  
  10  1:43  Overlord  
  10  2:03  Overlord  
  10  2:11  Overlord  
  10  2:27  Overlord  
  10  2:44  Overlord  
  10  2:57  Overlord  
  10  3:15  Overlord  
  10  3:33  Overlord  
  10  3:41  Overlord  
  10  3:56  Overlord  
  10  4:38  Overlord  
  10  4:39  Overlord  
  10  4:40  Overlord  
  10  5:23  Overlord  
  10  5:24  Overlord  
  10  5:25  Overlord  
  10  5:44  Overlord  
  10  5:55  Overlord  
  10  6:10  Overlord  
  10  6:24  Overlord  
  10  6:40  Overlord  
  10  6:54  Overlord  
  44  7:10  Overlord  
  10  7:24  Overlord  
  10  7:38  Overlord  
  10  7:54  Overlord  
  10  8:09  Overlord  
  10  8:35  Overlord  
  10  8:39  Overlord  
  10  8:59  Overlord  
  10  9:09  Overlord  
  10  9:24  Overlord  
  10  9:39  Overlord  
  10  9:54  Overlord  
  10  10:07  Overlord  
  10  10:23  Overlord  
  10  10:38  Overlord  
  10  10:55  Overlord  
Tags
 
Add a new tag
Caveats
  • Supply blocks, unpowered buildings, or Contaminate may cause inaccurate times.
  • Supply counts are checked every 10 seconds.